 Dungeon Crawl Stone Soup version 0.30-a0-586-g23e55c9e0a (webtiles) character file.

Game seed: 17451025516352124942

135208 Dirtsage the Fencer (level 16, -11/129 HPs)
             Began as a Demonspawn Monk on Jan 3, 2023.
             Was an Initiate of Gozag.
             Mangled by a white very ugly thing (37 damage)
             ... summoned by an orange crystal statue
             ... on level 1 of the Depths.
             The game lasted 01:23:51 (20681 turns).

Dirtsage the Fencer (Demonspawn Monk)              Turns: 20681, Time: 01:23:51

Health: -11/129    AC: 18    Str: 12      XL:     16   Next: 63%
Magic:  0/22       EV: 26    Int: 13 (14) God:    Gozag
Gold:   2074       SH:  0    Dex: 22      Spells: 18/24 levels left

rFire   . . .      SeeInvis +    Y - +5 triple sword (protect)
rCold   . . .      Faith    .    (shield currently unavailable)
rNeg    + + +      Spirit   +    H - +0 robe of Prudence {Regen+}
rPois   .          Reflect  .    O - +0 hat {SInv}
rElec   +          Harm     .    (cloak unavailable)
rCorr   +          Rampage  .    E - +1 pair of gloves
Will    +....                    u - +0 pair of boots of the Viny God {rN++ Stlth+}
Stlth   ++                       X - amulet of regeneration
HPRegen 2.01/turn                M - +5 ring of evasion
MPRegen 0.36/turn                s - ring "Mugough" {rElec rN+ rCorr Str-3 Slay+4}

@: confused, sanguine armoured
A: spiny 1, magic shield, magic regeneration, sanguine armour 3, weakness
stinger 3, clever 1, shaggy fur 1, strong 1, noise suppression
a: Renounce Religion, Potion Petition, Call Merchant, Bribe Branch


You were on level 1 of the Depths.
You worshipped Gozag.
Gozag was most pleased with you.
You visited 5 branches of the dungeon, and saw 24 of its levels.
You also visited: Volcano.

You collected 7339 gold pieces.
You spent 3086 gold pieces at shops.
You paid 2179 gold pieces to Gozag.

Inventory:

Hand Weapons
 a - a +1 scimitar of flaming
 Y - a +5 triple sword of protection (weapon)
Missiles
 m - 6 atropa-tipped darts
 p - 5 javelins
 y - 16 curare-tipped darts (quivered)
 C - 5 throwing nets
Armour
 i - a +1 pair of boots of flying
 u - the +0 pair of boots of the Viny God (worn) {rN++ Stlth+}
   (You found it on level 4 of the Lair of Beasts)

   rN:        It greatly protects you from negative energy.
   Stlth:     It makes you more stealthy.
 z - a +2 robe of resistance
 E - a +1 pair of gloves (worn)
 H - the +0 robe of Prudence (worn) {Regen+}
   (You found it on level 5 of the Dungeon)

   Regen:     It increases your rate of health regeneration.
 O - a +0 hat of see invisible (worn)
 P - +0 fire dragon scales
Jewellery
 s - the ring "Mugough" (right hand) {rElec rN+ rCorr Str-3 Slay+4}
   (You acquired it on level 9 of the Dungeon)

   [ring of slaying]

   Str:       It affects your strength (-3).
   Slay:      It affects your accuracy & damage with ranged weapons and melee
   (+4).
   rElec:     It insulates you from electricity.
   rN:        It protects you from negative energy.
   rCorr:     It protects you from acid and corrosion.
 M - a +5 ring of evasion (left hand)
 N - a ring of positive energy
 R - an amulet of magic regeneration
 S - a ring of see invisible
 X - an amulet of regeneration (around neck)
Wands
 k - a wand of iceblast (4)
 D - a wand of paralysis (3)
 I - a wand of acid (8)
 K - a wand of mindburst (2)
 Z - a wand of flame (24)
Scrolls
 b - 3 scrolls of magic mapping
 e - 8 scrolls of vulnerability
 g - 5 scrolls of fear
 j - 4 scrolls of enchant armour
 t - 8 scrolls of teleportation
 v - a scroll of torment
 x - 3 scrolls of fog
 A - a scroll of butterflies
 B - 4 scrolls of blinking
 Q - 2 scrolls of enchant weapon
 U - 2 scrolls of amnesia
 V - 2 scrolls of immolation
 W - 5 scrolls of poison
Potions
 c - 3 potions of ambrosia
 d - 9 potions of might
 f - 4 potions of cancellation
 h - 8 potions of haste
 l - 8 potions of heal wounds
 n - 6 potions of resistance
 o - 8 potions of mutation
 q - 10 potions of curing
 r - 3 potions of berserk rage
 w - 5 potions of flight
 F - 3 potions of lignification
 G - 7 potions of attraction
 J - 2 potions of brilliance
 L - 4 potions of invisibility
 T - 4 potions of magic


   Skills:
 + Level 12.9 Fighting
 + Level 15.0 Long Blades
 - Level 7.7 Throwing
 + Level 11.9 Dodging
 - Level 1.7 Stealth
 - Level 9.5 Shields
 + Level 4.6 Spellcasting
 + Level 8.7 Hexes
 - Level 8.3 Evocations


You had 18 spell levels left.
You knew the following spells:

 Your Spells              Type           Power      Damage    Failure   Level
a - Tukima's Dance        Hex            25%        N/A       1%          3
b - Confusing Touch       Hex            25%        N/A       1%          3

Your spell library contained the following spells:

 Spells                   Type           Power      Damage    Failure   Level
 Ensorcelled Hibernation  Hex/Ice        28%        N/A       4%          2
 Dazzling Flash           Conj/Hex       28%        N/A       10%         3
 Beastly Appendage        Tmut           6%         N/A       21%         1
 Foxfire                  Conj/Fire      12%        2x1d4     21%         1
 Freeze                   Ice            12%        1d3       21%         1
 Kiss of Death            Conj/Necr      12%        2d6       21%         1
 Shock                    Conj/Air       12%        1d3       21%         1
 Cigotuvi's Dreadful Rot  Necr/Pois/Air  6%         N/A       30%         2
 Static Discharge         Conj/Air       6%         2-3/arc   30%         2
 Sublimation of Blood     Necr           3%         N/A       30%         2
 Wereblood                Tmut           3%         N/A       30%         2
 Anguish                  Hex/Necr       7%         N/A       32%         4
 Frozen Ramparts          Ice            6%         1d1       52%         3
 Hailstorm                Conj/Ice       3%         3d3       52%         3
 Ignite Poison            Fire/Tmut/Pois 3%         N/A       52%         3
 Kindle Blastsparks       Fire/Tloc/Air  6%         2d10      52%         3
 Spider Form              Tmut/Pois      3%         N/A       52%         3
 Vhi's Electric Charge    Tloc/Air       6%         N/A       52%         3
 Yara's Violent Unravell  Hex/Tmut       7%         3d5       65%         5
 Dispel Undead            Necr           3%         3d7       89%         4
 Ice Form                 Ice/Tmut       3%         N/A       89%         4
 Iskenderun's Mystic Bla  Conj/Tloc      3%         2d3       89%         4
 Olgreb's Toxic Radiance  Pois           3%         N/A       89%         4
 Passage of Golubria      Tloc           3%         N/A       89%         4
 Petrify                  Tmut/Erth      3%         N/A       89%         4
 Summon Ice Beast         Ice/Summ       3%         N/A       89%         4
 Agony                    Necr           3%         N/A       99%         5
 Arcjolt                  Conj/Air       1%         1d11      99%         5
 Fireball                 Conj/Fire      1%         3d3       99%         5
 Freezing Cloud           Conj/Ice/Air   1%         6-21      99%         5
 Irradiate                Conj/Tmut      1%         3d12      99%         5
 Lightning Bolt           Conj/Air       1%         1d12      99%         5
 Death Channel            Necr           1%         N/A       100%        6
 Starburst                Conj/Fire      1%         6d3       100%        6
 Ozocubu's Refrigeration  Ice            1%         4d7       100%        7
 Storm Form               Tmut/Air       1%         N/A       100%        7
 Summon Hydra             Summ           1%         N/A       100%        7
 Ignition                 Fire           1%         3d3       100%        8
 Infestation              Necr           1%         N/A       100%        8
 Maxwell's Capacitive Co  Air            1%         ∞         100%        8
 Simulacrum               Ice/Necr       Unusable   N/A       N/A         6

Dungeon Overview and Level Annotations

Branches:
Dungeon (15/15)            Temple (1/1) D:6            Lair (5/5) D:10
 Shoals (0/4) Lair:2       Spider (0/4) Lair:3        Slime (0/5) Lair:5
    Orc (2/2) D:10            Elf (0/3) Orc:2        Vaults (0/5) D:14
 Depths (1/4) D:15        Volcano (visited)

Altars:
Ashenzari
Fedhas
Gozag
Kikubaaqudgha
Makhleb
Nemelex Xobeh
Okawaru
Sif Muna
Uskayaw
Vehumet
Xom
Yredelemnul
Jiyva

Shops:
D:6 *   D:10 [   D:11 (   D:13 [   Orc:1 !   Orc:2 !**(((   Depths:1 ([!*

Portals:
Ziggurat: Depths:1

Annotations:
D:12 2 transporters, bmj180's ghost, journeyman MiFi
D:14 3 runed translucent doors, Merytag's ghost, journeyman MiFi
Depths:1 exclusion: orange crystal statue


Innate Abilities, Weirdness & Mutations

You are partially covered in sharp spines.
When hurt, damage is shared between your health and your magic reserves.
You regenerate magic rapidly.
When seriously injured, your blood forms very thick armour. (AC +12)
You have a sharp stinger which inflicts weakening toxins.
Your mind is acute. (Int +4, Str/Dex -1)
You are covered in fur. (AC +1)
Your muscles are strong. (Str +4, Int/Dex -1)
You passively dampen the noise of your surroundings.


Message History

* * * LOW HITPOINT WARNING * * *
The white very ugly thing basks in the mutagenic energy from its kin and changes!
You take 48 damage, and have 27/129 hp.
MASSIVE DAMAGE!!
You now have 4/22 mp.
You bump into the rock wall.
The white ugly thing basks in the mutagenic energy from its kin and changes!
The white very ugly thing pecks you but does no damage.
The white very ugly thing is struck by your spines.
The white very ugly thing closely misses you.
The red very ugly thing basks in the mutagenic energy from its kin and changes!
You regained 2 hp, and now have 29/129 hp.
You feel better.
The white very ugly thing basks in the mutagenic energy from its kin and changes!
The brown ugly thing is struck by your spines.
The brown ugly thing closely misses you.
The white very ugly thing is struck by your spines.
The white very ugly thing barely misses you.
The white very ugly thing is struck by your spines.
The white very ugly thing claws you but does no damage.
The purple very ugly thing claws you.
* * * LOW HITPOINT WARNING * * *
You regained 5 hp, and now have 34/129 hp.
You now have 4/22 mp.
The brown ugly thing basks in the mutagenic energy from its kin and changes!
The orange crystal statue fixes its piercing gaze on the white very ugly thing.
Something tries to feed on your intellect!
The white very ugly thing basks in the mutagenic energy from its kin and changes!
You regained 2 hp, and now have 36/129 hp.
The orange crystal statue glitters.
You are confused.
You regained 2 hp, and now have 38/129 hp.
The brown very ugly thing attacks as you move away!
The brown very ugly thing engulfs you!
* * * LOW HITPOINT WARNING * * *
You are splashed with acid.
You resist.
* * * LOW HITPOINT WARNING * * *
The white very ugly thing pecks you.
* * * LOW HITPOINT WARNING * * *
The white very ugly thing freezes you!!!
You die...
Your body crumbles into a pile of gold.

.#.###.# #..)"[..#.# .......#
#.).#.?...# ########
#.|#8.).#.# # #./##.(.# # #
#u.u)u.## # ######u#uu.## #
#......uuu.# # #......u.D.###
# #.....@....+.. #
#..........#.. #
#..........#.# ##
#..........#.# .#
#...>...(..#.# .#
#..........#'####### .#
##+######'##.......#
.###########.##...........[..#
.............##..............#


You could see 7 very ugly things, an ice dragon (summoned), an orange crystal
statue and 3 ugly things.

Vanquished Creatures
  Kirke (Lair:4)
  A frost giant (Depths:1)
  A stone giant (Depths:1)
  An orc warlord (Orc:2)
  The ghost of NoAnimeNoLife the Stormcaller, a journeyman TeAE of Vehumet (Orc:2)
  A red draconian (Volcano)
  Azrael (D:12)
  2 spark wasps (Depths:1)
  A dire elephant (Lair:5)
  Snorg (D:12)
  3 ettins (Depths:1)
  A fire dragon (Depths:1)
  A quicksilver dragon skeleton (D:15)
  Josephine (D:10)
  Harold (Lair:2)
  4 hydras
  3 centaur warriors
  A spriggan air mage (Depths:1)
  A merfolk avatar (Lair:5)
  3 dancing weapons (D:12)
  5 two-headed ogres
  4 boulder beetles
  2 deep troll earth magi (Depths:1)
  3 tengu warriors (D:15)
  Urug (Lair:2)
  4 orc high priests (Orc:2)
  A spriggan berserker (Depths:1)
  Sonja (Lair:1)
  5 skeletal warriors
  A spark wasp zombie (Depths:1)
  An iron troll (Depths:1)
  A flayed ghost (D:15)
  A glowing orange brain (Depths:1)
  2 deep trolls (Depths:1)
  A sea snake (Lair:5)
  2 tengu zombies
  2 harpies (Lair:5)
  7 orc knights
  3 necromancers
  5 deep elf pyromancers
  7 orc sorcerers
  2 manticores
  A frost giant zombie (Depths:1)
  2 fire giant zombies
  3 cyclopes
  12 ugly things
  A frost giant skeleton (Depths:1)
  4 black mambas
  2 centaur zombies (D:13)
  25 elephants
  Maggie (Lair:2)
  Joseph (D:8)
  An unseen horror (D:11)
  15 cane toads
  A cane toad (shapeshifter) (D:14)
  A gargoyle (D:12)
  A spriggan zombie (Depths:1)
  A spark wasp simulacrum (Depths:1)
  A rime drake (Lair:5)
  An efreet (D:15)
  A yaktaur (Volcano)
  16 komodo dragons
  9 trolls
  3 polar bears (Lair:5)
  3 meliai (D:14)
  17 blink frogs
  2 hornets (Depths:1)
  2 wind drakes (Lair:5)
  A sphinx simulacrum (Depths:1)
  A polar bear (shapeshifter) (D:14)
  14 slime creatures
  A jumping spider (Lair:3)
  3 shadows
  2 spriggans (Depths:1)
  6 wyverns
  4 wraiths
  6 fire elementals (D:12)
  4 basilisks
  A basilisk (shapeshifter) (D:15)
  2 redbacks (Lair:3)
  2 steam dragons
  48 yaks
  10 vampire mosquitoes
  2 hogs (Lair:4)
  6 wargs
  A glowing shapeshifter zombie (Depths:1)
  2 hell hounds (D:12)
  An acid dragon (D:10)
  A glowing shapeshifter skeleton (D:15)
  18 water moccasins
  32 orc warriors
  2 ice beasts
  3 black bears (D:10)
  A sky beast (D:7)
  5 ogres
  9 centaurs
  3 wolves (Lair:5)
  A phantom (D:5)
  4 kobold brigands
  Blork the orc (D:4)
  9 bullfrogs
  4 necrophages
  2 gnoll sergeants
  4 scorpions
  8 wights (D:10)
  10 killer bees
  A vampire bat (D:3)
  3 howler monkeys
  3 hounds
  2 jellies
  14 orc priests
  A gnoll bouda (Orc:1)
  3 iguanas
  16 orc wizards
  13 gnolls
  5 adders
  2 shadow imps
  3 white imps
  2 ufetubi
  A worm (D:3)
  2 dart slugs
  3 fire bats (D:3)
  64 orcs
  2 spectral bats (D:3)
  5 ball pythons
  3 bat skeletons (D:3)
  A bat zombie (D:3)
  4 endoplasms
  5 giant cockroaches
  6 goblins
  5 hobgoblins
  5 jackals (D:1)
  7 quokkas
  21 bats
  A bat simulacrum (D:3)
  3 frilled lizards (D:1)
  19 kobolds
  4 rats
681 creatures vanquished.

Vanquished Creatures (others)
  A shock serpent (shapeshifter) (D:14)
  3 humans (Lair:4)
  2 dancing weapons
  An orc wizard (D:5)
  44 fungi
  61 plants
  5 toadstools (D:1)
117 creatures vanquished.

Grand Total: 798 creatures vanquished

Notes
Turn   | Place    | Note
-------+----------+-------------------------------------------
     0 | D:1      | Dirtsage the Demonspawn Monk began the quest for the Orb.
     0 | D:1      | Reached XP level 1. HP: 18/18 MP: 1/1
   189 | D:1      | Reached skill level 3 in Long Blades
   237 | D:1      | Gained mutation: You regenerate magic rapidly. [demonic
                  | ancestry]
   237 | D:1      | Reached XP level 2. HP: 24/24 MP: 2/2
   781 | D:1      | Gained mutation: You have a small tail. [demonic ancestry]
   781 | D:1      | Reached XP level 3. HP: 25/29 MP: 3/3
   990 | D:2      | Reached skill level 4 in Long Blades
  1181 | D:2      | Found a faded altar of an unknown god.
  1833 | D:3      | Gained mutation: When seriously injured, your blood forms
                  | armour. (AC +12) [demonic ancestry]
  1833 | D:3      | Reached XP level 4. HP: 34/35 MP: 4/4
  1939 | D:3      | Reached skill level 5 in Long Blades
  1939 | D:3      | Gained mutation: You have a tail ending in a sharp stinger.
                  | [demonic ancestry]
  1939 | D:3      | Reached XP level 5. HP: 41/41 MP: 5/5
  2425 | D:4      | Reached skill level 6 in Long Blades
  2426 | D:4      | Found an ancient bone altar of Kikubaaqudgha.
  2513 | D:4      | Found a broken altar of Ashenzari.
  2530 | D:4      | Noticed Blork the orc
  2535 | D:4      | HP: 2/41 [Blork the orc/+1 scimitar of holy wrath (9)]
  2537 | D:4      | Killed Blork the orc
  2538 | D:4      | Gained mutation: You are partially covered in sharp spines.
                  | [demonic ancestry]
  2538 | D:4      | Reached XP level 6. HP: 3/47 MP: 6/6
  3153 | D:5      | Entered Level 5 of the Dungeon
  3167 | D:5      | Reached skill level 7 in Long Blades
  3200 | D:5      | Gained mutation: When seriously injured, your blood forms
                  | thick armour. (AC +12) [demonic ancestry]
  3200 | D:5      | Reached XP level 7. HP: 36/52 MP: 7/7
  3489 | D:5      | Reached skill level 8 in Long Blades
  3623 | D:5      | Identified the +0 robe of Prudence {Regen+}
  3978 | D:6      | Reached skill level 9 in Long Blades
  3978 | D:6      | Reached XP level 8. HP: 45/58 MP: 8/8
  4112 | D:6      | Found Biykhlousm's Assorted Antiques.
  4120 | D:6      | Bought a glowing pearl amulet for 155 gold pieces
  4210 | D:6      | Found a staircase to the Ecumenical Temple.
  4311 | Temple   | Entered the Ecumenical Temple
  4344 | Temple   | Became a worshipper of Gozag Ym Sagoz the Greedy
  4487 | D:6      | Reached skill level 1 in Evocations
  4496 | D:6      | Reached skill level 10 in Long Blades
  4496 | D:6      | Reached skill level 1 in Throwing
  4700 | D:6      | Bought a lumpy malachite amulet for 155 gold pieces
  4713 | D:7      | Found a radiant altar of Vehumet.
  4764 | D:7      | Identified the +1 ring mail of Umyrom {rN+}
  5004 | D:7      | Reached XP level 9. HP: 61/65 MP: 9/9
  5078 | D:7      | Found a sparkling altar of Nemelex Xobeh.
  5101 | D:7      | Found a hide-covered altar of Uskayaw.
  6202 | D:8      | Noticed Joseph
  6218 | D:8      | Killed Joseph
  6219 | D:8      | Reached skill level 5 in Fighting
  6219 | D:8      | Reached skill level 11 in Long Blades
  6288 | D:9      | Noticed a two-headed ogre
  6293 | D:9      | Killed a two-headed ogre
  6294 | D:9      | Gained mutation: When seriously injured, your blood forms
                  | very thick armour. (AC +12) [demonic ancestry]
  6294 | D:9      | Reached XP level 10. HP: 74/74 MP: 10/10
  6421 | D:9      | Found an iron altar of Okawaru.
  6665 | D:9      | Identified a scroll of acquirement
  6673 | D:9      | Acquired the ring "Mugough" {rElec rN+ rCorr Str-3 Slay+4}
  6913 | D:9      | Reached skill level 5 in Dodging
  7093 | D:10     | Entered Level 10 of the Dungeon
  7132 | D:10     | Found Ryacwac's Antique Armour Emporium.
  7135 | D:10     | Bought a smoking robe for 136 gold pieces
  7135 | D:10     | Identified the +1 robe "Acuav" {Drain rPois rC+} (You
                  | bought it in a shop on level 10 of the Dungeon)
  7135 | D:10     | Bought a buckler for 108 gold pieces
  7135 | D:10     | Bought a helmet for 108 gold pieces
  7180 | D:10     | Found a blossoming altar of Fedhas.
  7340 | D:10     | Reached skill level 1 in Shields
  7366 | D:10     | Found a staircase to the Orcish Mines.
  7390 | D:10     | Reached skill level 5 in Evocations
  7465 | D:10     | Found a staircase to the Lair.
  7506 | D:10     | Reached skill level 12 in Long Blades
  7596 | D:10     | Gained mutation: When hurt, damage is shared between your
                  | health and your magic reserves. [demonic ancestry]
  7596 | D:10     | Reached XP level 11. HP: 78/81 MP: 11/11
  7815 | D:10     | Noticed Josephine
  7831 | D:10     | Killed Josephine
  7832 | D:10     | Reached skill level 5 in Throwing
  8386 | Lair:1   | Entered Level 1 of the Lair of Beasts
  8508 | Lair:1   | Noticed Sonja
  8710 | Lair:1   | You fall into a shaft and drop 1 floor!
  8783 | Lair:2   | Found a staircase to the Shoals.
  8895 | Lair:1   | Killed Sonja
  9636 | Lair:2   | Gained mutation: You have a sharp stinger which inflicts
                  | weakening toxins. [demonic ancestry]
  9636 | Lair:2   | Reached XP level 12. HP: 91/91 MP: 12/12
  9721 | Lair:2   | Reached skill level 13 in Long Blades
  9787 | Lair:2   | Noticed Urug
  9802 | Lair:2   | Killed Urug
  9977 | Lair:2   | Noticed Maggie
 10001 | Lair:2   | Killed Maggie
 10041 | Lair:2   | Noticed Harold
 10051 | Lair:2   | Killed Harold
 11058 | Lair:3   | Reached skill level 5 in Shields
 11233 | Lair:3   | Identified the +1 robe of the Valley of Death {Contam rCorr
                  | Str+2 Dex+4}
 11300 | Lair:3   | Found a hole to the Spider Nest.
 11565 | Lair:4   | Noticed Kirke
 11588 | Lair:4   | Killed Kirke
 11615 | Lair:4   | Reached XP level 13. HP: 64/99 MP: 9/13
 11688 | Lair:4   | Reached skill level 14 in Long Blades
 11816 | Lair:4   | Found a dark tunnel.
 11831 | Volcano  | Entered a volcano
 11850 | Volcano  | Found a radiant altar of Vehumet.
 11856 | Volcano  | Noticed a red draconian
 11868 | Volcano  | Killed a red draconian
 12149 | Lair:4   | Identified the +0 pair of boots of the Viny God {rN++
                  | Stlth+}
 12462 | Lair:4   | Learned a level 3 spell: Tukima's Dance
 12462 | Lair:4   | Reached XP level 14. HP: 100/100 MP: 14/14
 12648 | Lair:5   | Entered Level 5 of the Lair of Beasts
 12827 | Lair:5   | Found a viscous altar of Jiyva.
 12829 | Lair:5   | Found a staircase to the Slime Pits.
 13516 | Lair:5   | Reached skill level 10 in Fighting
 13737 | Lair:5   | Got the Catalogue of the Cemetery
 13739 | Lair:5   | Got the Annotations on Ill Luck and Aeromancy
 13750 | Lair:5   | Identified the +6 trident of the Howling One {drain, rElec
                  | rF- Str+4 Dex+7}
 14118 | Orc:1    | Entered Level 1 of the Orcish Mines
 14326 | Orc:1    | Found Legudad's Distillery.
 14333 | Orc:1    | Bought a potion of lignification for 39 gold pieces
 14333 | Orc:1    | Bought a potion of mutation for 104 gold pieces
 14333 | Orc:1    | Bought a potion of degeneration for 13 gold pieces
 14333 | Orc:1    | Bought a potion of resistance for 130 gold pieces
 14333 | Orc:1    | Bought a potion of mutation for 104 gold pieces
 14333 | Orc:1    | Bought a potion of heal wounds for 65 gold pieces
 14684 | Orc:2    | Entered Level 2 of the Orcish Mines
 14684 | Orc:2    | Found a staircase to the Elven Halls.
 14687 | Orc:2    | Noticed NoAnimeNoLife's ghost (journeyman TeAE)
 14700 | Orc:2    | Reached XP level 15. HP: 117/117 MP: 15/15
 15025 | Orc:2    | Found a runed translucent door.
 15301 | Orc:2    | Found Caazeg's Distillery.
 15306 | Orc:2    | Bought a potion of might for 56 gold pieces
 15306 | Orc:2    | Bought a potion of haste for 140 gold pieces
 15306 | Orc:2    | Bought a potion of haste for 140 gold pieces
 15306 | Orc:2    | Bought a potion of mutation for 112 gold pieces
 15449 | Orc:2    | Found Zidog's General Store.
 15485 | Orc:2    | Reached skill level 10 in Dodging
 16043 | Orc:2    | Found Foduk's Antique Weapon Emporium.
 16047 | Orc:2    | Bought a scroll of identify for 28 gold pieces
 16047 | Orc:2    | Bought a potion of might for 56 gold pieces
 16050 | Orc:2    | Found Raumy's Antique Weapon Emporium.
 16052 | Orc:2    | Found Uwkoakhli's Assorted Antiques.
 16061 | Orc:2    | Bought a bubbling grey potion for 26 gold pieces
 16061 | Orc:2    | Bought a potion of curing for 87 gold pieces
 16061 | Orc:2    | Bought a scroll of magic mapping for 217 gold pieces
 16226 | Orc:2    | Killed NoAnimeNoLife's ghost
 16269 | Orc:2    | Bought a glowing long sword for 182 gold pieces
 16269 | Orc:2    | Bought a runed long sword for 182 gold pieces
 16333 | D:11     | Bought a glowing triple sword for 403 gold pieces
 16598 | D:11     | Found a blossoming altar of Fedhas.
 17006 | D:12     | Noticed Snorg
 17030 | D:12     | Killed Snorg
 17064 | D:12     | Noticed Azrael
 17083 | D:12     | Killed Azrael
 17202 | D:12     | Found a transporter.
 17205 | D:12     | Noticed bmj180's ghost (journeyman MiFi)
 17211 | D:12     | Found a transporter.
 17250 | D:12     | Got Sif Muna's Volume of Turbulent Putrescence
 17320 | D:12     | Found a runed translucent door.
 17655 | D:13     | Identified the +2 ring mail of Sif Muna's Outrage {rElec
                  | rC- rCorr Int+2}
 17917 | D:13     | Reached skill level 1 in Spellcasting
 18423 | D:14     | You fall into a shaft and drop 1 floor!
 18423 | D:15     | Entered Level 15 of the Dungeon
 18470 | D:15     | Found a staircase to the Depths.
 18519 | D:15     | Reached XP level 16. HP: 102/127 MP: 12/19
 18650 | D:15     | Learned a level 3 spell: Confusing Touch
 19204 | D:14     | Found a runed translucent gate.
 19204 | D:14     | Found a runed translucent gate.
 19204 | D:14     | Found a runed translucent gate.
 19209 | D:14     | Found a viscous altar of Jiyva.
 19209 | D:14     | Noticed Merytag's ghost (journeyman MiFi)
 19581 | D:14     | Found a gate to the Vaults.
 19752 | Depths:1 | Entered Level 1 of the Depths
 19757 | Depths:1 | Found a one-way gateway to a ziggurat.
 20158 | Depths:1 | Identified the amulet of Amoapt {RegenMP +Blink Will- MP+9
                  | Str-4}
 20211 | Depths:1 | Found Motaerch's General Store.
 20258 | Depths:1 | Found Ifiquo's Armour Shoppe.
 20291 | Depths:1 | Reached skill level 15 in Long Blades
 20364 | Depths:1 | Found Dienlott's Weapon Shoppe.
 20368 | Depths:1 | Found Syatul's Distillery.
 20370 | Depths:1 | Bought a +1 pair of boots of flying for 280 gold pieces
 20376 | Depths:1 | Gained mutation: Your mind is acute. (Int +4, Str/Dex -1)
                  | [potion of mutation]
 20376 | Depths:1 | Gained mutation: You are covered in fur. (AC +1) [potion of
                  | mutation]
 20376 | Depths:1 | Gained mutation: Your muscles are strong. (Str +4, Int/Dex
                  | -1) [potion of mutation]
 20376 | Depths:1 | Gained mutation: You passively dampen the noise of your
                  | surroundings. [potion of mutation]
 20380 | Depths:1 | Bought 3 atropa-tipped darts for 30 gold pieces
 20380 | Depths:1 | Bought 3 atropa-tipped darts for 30 gold pieces
 20681 | Depths:1 | Mangled by a white very ugly thing

Illustrated notes

Levels and vault maps discovered:
D:1:      grunt_arrival_crossed_arrows, layout_loops_ring,
          roderic_roman_lattice, minmay_gold_behind_fungi
D:2:      layout_loops_ring, ebering_ecumenical_altar_petrified
D:3:      layout_rooms, goddamned_bats
D:4:      layout_rooms, mainiacjoe_overflow_surrounded_room,
          kiku_gazebo_pond_becter, serial_forest, infiniplex_forest_lined_2,
          infiniplex_forest_clump_medium, infiniplex_forest_straight_2,
          infiniplex_forest_end_3, infiniplex_forest_clump_long,
          infiniplex_forest_clump_large, uniq_blork_the_orc
D:5:      layout_loops_ring
D:6:      layout_rooms, minmay_temple_entry_statues, serial_shops,
          nicolae_shop_trees, serial_glass, glass_columns_a, glass_columns_c
D:7:      layout_rooms, nemelex_diamond_rough_becter, vehumet_altar_wand_db,
          nicolae_uskayaw_dance_studio, elyvilon_altar_1
D:8:      layout_basic, lemuel_coloured_pillars_altar, uniq_joseph
D:9:      layout_gridville, okawaru_ov_weapons_minmay
D:10:     layout_grid_maze, mainiacjoe_overflow_catwalk,
          due_lair_maze_entry_diamond, serial_shops, kennysheep_mini_moat,
          uniq_josephine
D:11:     layout_roguey, fedhas_ov_isle_minmay
D:12:     layout_rooms, gammafunk_ghost_mausoleum, nicolae_danse_macabre,
          uniq_azrael, uniq_snorg
D:13:     layout_irregular_city, serial_undead, serial_undead_e,
          serial_undead_d, serial_undead_c, serial_undead_e
D:14:     layout_cave_pools, david_vaults_2, dreamdust_princess_corridor,
          gammafunk_ghost_ooze
D:15:     gammafunk_depths_entry_grave, layout_rooms, small_statue_alley_a
Temple:   oiseaux_autumnal_temple
Lair:1:   layout_cave_pods, minivault_27, nicolae_lair_grazing_beasts
          [nicolae_sub_lair_graze_edge, nicolae_sub_lair_graze_edge,
          nicolae_sub_lair_graze_edge, nicolae_sub_lair_graze_edge],
          grunt_megastairs_3, uniq_sonja
Lair:2:   layout_cave_pods, shoals_dummy_entry, grunt_megastairs_1, uniq_urug,
          uniq_maggie, uniq_harold
Lair:3:   layout_loops_ring, spider_nest_entry_a
Lair:4:   layout_gridlike, enter_volcano_4, uniq_kirke
Lair:5:   gammafunk_lair_ancient_temple, layout_regular_city,
          minmay_slime_entry_pillars, infiniplex_staircase_pool
Orc:1:    layout_caves, serial_shops, shop, minmay_orc_barracks
Orc:2:    st_orc_elflike, layout_caves, serial_shops, nicolae_shop_hallway_plus,
          hellmonk_ghost_happy_afterlife
Depths:1: layout_gridlike, enter_ziggurat_e, hell_entry,
          minmay_protected_statue, minmay_shoptagon

Skill      XL: |  1  2  3  4  5  6  7  8  9 10 11 12 13 14 15 16 |
---------------+-------------------------------------------------+-----
Long Blades    | 3 4 5 6 7 9 10 11 12 13 14 15 | 15.0
Dodging        | 3 4 5 6 7 8 9 11 | 11.9
Evocations     | 2 4 5 6 7 8 |  8.3
Throwing       | 1 3 4 6 7 |  7.7
Fighting       | 5 6 7 8 9 10 12 | 12.9
Shields        | 2 3 5 6 7 9 |  9.5
Hexes          | 6 7 8 |  8.7
Spellcasting   | 2 4 |  4.6
Stealth        | |  1.7

Action                   |  1- 3 |  4- 6 |  7- 9 | 10-12 | 13-15 | 16-18 || total
-------------------------+-------+-------+-------+-------+-------+-------++-------
Melee: Falchion          |   137 |   153 |   266 |   597 |   914 |       ||  2067
       Tailslap          |     9 |    23 |    53 |   131 |   270 |    67 ||   553
       Punch             |       |     4 |     4 |       |       |       ||     8
       Triple sword      |       |       |       |       |   263 |   317 ||   580
       Scimitar          |       |       |       |       |    11 |     7 ||    18
       Long sword        |       |       |       |       |     4 |       ||     4
Throw: Dart              |       |     1 |       |     1 |       |     1 ||     3
 Cast: Tukima's Dance    |       |       |       |       |     8 |       ||     8
Invok: Call Merchant     |       |       |       |       |     2 |     1 ||     3
Evoke: Wand              |       |       |     4 |     7 |     7 |       ||    18
  Use: Scroll            |     6 |       |       |    16 |     9 |     1 ||    32
       Potion            |       |       |       |       |     4 |     3 ||     7
 Stab: Sleeping          |    11 |     2 |     3 |     5 |    12 |     3 ||    36
       Distracted        |       |       |     6 |    10 |    20 |     2 ||    38
       Paralysed         |       |       |       |       |     5 |       ||     5
Armor: Robe              |    12 |     6 |    54 |    43 |   129 |    96 ||   340
       Leather armour    |    33 |    73 |       |       |       |       ||   106
       Fire dragon scale |       |       |       |       |     6 |       ||     6
Dodge: Dodged            |   102 |   183 |   137 |   260 |   863 |   445 ||  1990
Block: Buckler           |       |       |       |    80 |   207 |       ||   287

Table legend: (Time is in decaauts)
 A = Elapsed time spent in this place.
 B = Non-inter-level travel time spent in this place.
 C = Inter-level travel time spent in this place.
 D = Time resting spent in this place.
 E = Time spent auto-exploring this place.
 F = Levels seen in this place.
 G = Mean time per level.
                   A        B        C        D        E       F      G
               +--------+--------+--------+--------+--------+-----+--------+
         Total |  20194 |  19357 |    837 |     63 |  13952 |  25 |  807.8 |
       Dungeon |  11753 |  11268 |    485 |     21 |   8521 |  15 |  783.5 |
        Temple |     50 |     34 |     16 |      0 |     21 |   1 |   50.0 |
          Lair |   5223 |   5008 |    215 |     15 |   3533 |   5 | 1044.6 |
  Orcish Mines |   2014 |   1894 |    120 |      6 |   1212 |   2 | 1007.0 |
        Depths |    938 |    938 |      0 |      0 |    611 |   1 |  938.0 |
       Volcano |    214 |    214 |      0 |     21 |     54 |   1 |  214.0 |
               +--------+--------+--------+--------+--------+-----+--------+

Top non-repeatable levels by time:
   Orc:2: 1293 daAuts
  Lair:5: 1273 daAuts
  Lair:2: 1269 daAuts
    D:10: 1205 daAuts
  Lair:1: 1114 daAuts
     D:8: 1023 daAuts
     D:1: 938 daAuts
Depths:1: 938 daAuts
     D:9: 928 daAuts
  Lair:4: 873 daAuts
    D:13: 845 daAuts
     D:5: 840 daAuts
     D:3: 798 daAuts
     D:4: 796 daAuts
    D:14: 730 daAuts
